 Dungeon Crawl Stone Soup version 0.20.0-15-g7f486f2 (webtiles) character file.

149 KleinerIrrer the Poker (level 5, -3/49 HPs)
             Began as a Naga Fighter on June 28, 2017.
             Slain by Grinder (6 damage)
             ... on level 4 of the Dungeon.
             The game lasted 00:03:57 (1015 turns).

KleinerIrrer the Poker (Naga Fighter)               Turns: 1015, Time: 00:03:58

Health: -3/49      AC:  5    Str: 24    XL:     5   Next: 31%
Magic:  5/5        EV:  6    Int:  8    God:
Gold:   16         SH:  9    Dex: 11    Spells: 4/4 levels left

rFire    . . .     SeeInvis +   a - +0 trident
rCold    . . .     Gourm    .   c - +0 shield
rNeg     . . .     Faith    .   b - +0 scale mail
rPois    +         Spirit   .   (no helmet)
rElec    .         Reflect  .   (no cloak)
rCorr    .         Harm     .   (no gloves)
MR       .....                  (no barding)
Stlth    ..........             (no amulet)
Regen    0.2/turn               (no ring)
MPRegen  0.1/turn               (no ring)

@: mighty, very slow
A: see invisible, deformed body, poison resistance, slowness 2, slow metabolism
1, spit poison 1, AC +1
a: Spit Poison


You were on level 4 of the Dungeon.
You were not hungry.

You visited 1 branch of the dungeon, and saw 4 of its levels.

You collected 60 gold pieces.
You spent 44 gold pieces at shops.

Inventory:

Hand Weapons
 a - a +0 trident (weapon)
Armour
 b - a +0 scale mail (worn)
 c - a +0 shield (worn)
Wands
 h - a wand of iceblast (8/15)
Potions
 e - a potion of lignification
 j - a potion of mutation
 k - a potion of curing
Comestibles
 f - a bread ration
 g - 2 meat rations
 l - 2 royal jellies


   Skills:
 + Level 3.4 Fighting
 + Level 3.6 Polearms
 + Level 3.0 Armour
 + Level 0.8 Dodging
 + Level 3.1 Shields


You had 4 spell levels left.
You didn't know any spells.

Dungeon Overview and Level Annotations

Branches:
Dungeon (4/15)
 Temple: D:4-7

Altars:
Zin

Shops:
D:4 ?

Annotations:
D:4 Grinder


Innate Abilities, Weirdness & Mutations

You cannot wear boots.
Your serpentine skin is tough. (AC +1)
You have supernaturally acute eyesight. (SInv)
Armour fits poorly on your strangely shaped body.
Your system is resistant to poisons. (rPois)
You cover ground very slowly.
You have a slow metabolism.
You can spit poison.


Message History

Grinder gestures at you. You resist with some effort.
You puncture Grinder!
Grinder is moderately wounded.
You block Grinder's attack.
You puncture Grinder!
Grinder is severely wounded.
Grinder hits you.
You writhe in agony.
You closely miss Grinder.
Grinder is severely wounded.
Grinder hits you.
* * * LOW HITPOINT WARNING * * *
You writhe in agony.
* * * LOW HITPOINT WARNING * * *
You completely miss Grinder.
Grinder is severely wounded.
Grinder hits you!
* * * LOW HITPOINT WARNING * * *
You writhe in agony.
You die...

##♣####### #......... .
###########♣∩♣######P..P
................@5......
............♣.....)..P..
#.##....###.####...#....
#.###...###.# #...# .#.
#.# #.......#......# ..#
#............/...
..###..######....####.
....)..# ...# .####.##


You could see Grinder.

Vanquished Creatures
  Ijyb (D:3)
  2 orc wizards
  3 adders (D:3)
  An ooze (D:1)
  7 orcs
  A ball python (D:3)
  3 bats (D:1)
  2 giant cockroaches
  A goblin (D:1)
  4 hobgoblins
  3 jackals (D:2)
  A kobold (D:1)
  3 rats
32 creatures vanquished.

Notes
Turn   | Place    | Note
-------+----------+-------------------------------------------
     0 | D:1      | KleinerIrrer the Naga Fighter began the quest for the Orb.
     0 | D:1      | Reached XP level 1. HP: 21/21 MP: 1/1
    87 | D:1      | Reached XP level 2. HP: 15/28 MP: 2/2
   401 | D:2      | Reached XP level 3. HP: 29/34 MP: 3/3
   439 | D:3      | Reached XP level 4. HP: 38/42 MP: 4/4
   523 | D:3      | Found a faded altar of an unknown god.
   669 | D:3      | Found a glowing silver altar of Zin.
   745 | D:3      | Noticed Ijyb
   763 | D:3      | Killed Ijyb
   801 | D:4      | Reached XP level 5. HP: 32/49 MP: 5/5
   995 | D:4      | Found Ythi Ryc's Magic Scroll Shop.
  1003 | D:4      | Bought a scroll of identify for 22 gold pieces
  1003 | D:4      | Bought a scroll of identify for 22 gold pieces
  1005 | D:4      | Noticed Grinder
  1015 | D:4      | Slain by Grinder

Skill      XL: |  1  2  3  4  5 |
---------------+----------------+-----
Polearms       | 3 |  3.6
Shields        | 3 |  3.1
Armour         | 3 |  3.0
Fighting       | |  3.4
Dodging        | |  0.8

Action                   |  1- 3 |  4- 6 || total
-------------------------+-------+-------++-------
Melee: Trident           |    55 |    69 ||   124
  Use: Scroll            |       |     5 ||     5
       Potion            |       |     1 ||     1
Armor: Scale mail        |    17 |    18 ||    35
Dodge: Dodged            |    13 |    12 ||    25
Block: Shield            |    23 |    22 ||    45
